 Dungeon Crawl Stone Soup version 0.18.1-48-g4cf74bf (webtiles) character file.

473 BESTIEunlmt the Archer (level 6, -2/41 HPs)
             Began as a High Elf Hunter on July 14, 2016.
             Was an Initiate of the Shining One.
             Slain by Prince Ribbit (11 damage)
             ... on level 5 of the Dungeon.
             The game lasted 00:52:12 (5288 turns).

BESTIEunlmt the Archer (High Elf Hunter)            Turns: 5288, Time: 00:52:12

Health: -2/41      AC:  8    Str: 12    XL:     6   Next: 84%
Magic:  16/16      EV: 12    Int: 15    God:    the Shining One [......]
Gold:   192        SH:  0    Dex: 17    Spells: 0 memorised, 5 levels left

rFire  . . .     SeeInvis .     u - +2 flail (holy)
rCold  . . .     Gourm    +     g - +2 ring mail
rNeg   . . .     Faith    .     (no shield)
rPois  .         Spirit   .     (no helmet)
rElec  .         Dismiss  .     (no cloak)
rCorr  .         Reflect  .     (no gloves)
SustAt .         Harm     .     r - +0 pair of boots
MR     .....                    i - amulet of the gourmand
Stlth  ..........               (no ring)
                                q - ring of magical power

@: confused, glowing, not resistant to hostile enchantments, extremely
unstealthy
A: no striking features
a: Renounce Religion


You were on level 5 of the Dungeon.
You worshipped the Shining One.
The Shining One was noncommittal.
You were not hungry.

You visited 2 branches of the dungeon, and saw 6 of its levels.

You collected 192 gold pieces.

Inventory:

Hand Weapons
 a - a +1 shortbow
 b - a +1 short sword
 u - a +2 flail of holy wrath (weapon)
Missiles
 d - 56 arrows
 k - 83 bolts
Armour
 c - a +1 leather armour
 g - a +2 ring mail (worn)
 r - a +0 pair of boots (worn)
Jewellery
 i - an amulet of the gourmand (around neck)
 q - a ring of magical power (left hand)
Wands
 m - a wand of acid (13/15)
Scrolls
 j - a scroll of fog {unknown}
 l - 2 scrolls of remove curse
 n - 2 scrolls of amnesia
 t - 3 scrolls of identify
Potions
 e - a potion of agility
 h - a potion of ambrosia
 p - 3 potions of brilliance
Comestibles
 f - 4 bread rations
 s - 2 meat rations
 v - 3 fruits
 x - a beef jerky


   Skills:
 + Level 2.6 Fighting
 + Level 0.2 Short Blades
 + Level 0.7 Maces & Flails
 + Level 8.9 Bows
 + Level 2.5 Armour
 + Level 3.6 Dodging
 + Level 1.1 Stealth


You had 5 spell levels left.
You didn't know any spells.

Dungeon Overview and Level Annotations

Branches:
Dungeon (5/15)             Temple (1/1) D:4

Altars:
Ashenzari
Cheibriados
Dithmenos
Elyvilon
Fedhas
Gozag
Kikubaaqudgha
Makhleb
Nemelex Xobeh
Okawaru
Pakellas
Qazlal
Sif Muna
Vehumet
Yredelemnul
The Shining One

Annotations:
D:5 Prince Ribbit


Message History

Found a potion of ambrosia.
h - 2 potions of ambrosia (gained 1)
Found a club.
Prince Ribbit hits you!
Wield which item (- for none, * to show all)? (? for menu, Esc to quit)
Your +2 flail of holy wrath softly glows with a divine radiance!
u - a +2 flail of holy wrath (weapon)
You closely miss Prince Ribbit. Prince Ribbit closely misses you. x2
You thump Prince Ribbit!
Prince Ribbit is moderately wounded.
Prince Ribbit hits you! Prince Ribbit barely misses you.
Drink which item? (? for menu, Esc to quit)
You are confused.
You feel invigorated. Prince Ribbit hits you!
You closely miss Prince Ribbit.
Prince Ribbit is moderately wounded.
Prince Ribbit hits you!
* * * LOW HITPOINT WARNING * * *
Prince Ribbit hits you!
You die...

#.... ...# #...##
#.....# #.....###
##..#..##
#......###..##...#
#.....##...##...##
.........#......##
#...........@F..#
#...........#...# #
##...)....### .....
## #.......######
#...
.#####.....######.#
..
..........#####...##
.
..###...#####......#
###
#..#####<......##
#..###..........#


You could see Prince Ribbit.

Vanquished Creatures
  An ogre (D:4)
  A giant frog (D:4)
  A scorpion (D:4)
  An orc priest (D:4)
  2 iguanas (D:4)
  An orc wizard (D:4)
  A gnoll (D:1)
  8 adders
  A worm (D:4)
  4 dart slugs
  A giant gecko (D:1)
  10 orcs
  5 giant cockroaches
  3 goblins
  9 hobgoblins
  9 jackals
  A quokka (D:2)
  A ball python (D:2)
  7 bats
  A giant newt (D:1)
  6 kobolds
  3 rats
77 creatures vanquished.

Notes
Turn   | Place    | Note
--------------------------------------------------------------
     0 | D:1      | BESTIEunlmt the High Elf Hunter began the quest for the Orb.
     0 | D:1      | Reached XP level 1. HP: 14/14 MP: 2/2
   656 | D:1      | Reached skill level 6 in Bows
   656 | D:1      | Reached XP level 2. HP: 19/19 MP: 3/3
   990 | D:2      | Reached XP level 3. HP: 19/24 MP: 4/4
  1213 | D:2      | Found a shattered altar of Ashenzari.
  1449 | D:2      | Reached skill level 1 in Armour
  2016 | D:2      | Reached XP level 4. HP: 29/29 MP: 5/5
  2229 | D:3      | Found an oddly glowing altar of Pakellas.
  2415 | D:3      | Reached skill level 7 in Bows
  2520 | D:3      | Found a glowing golden altar of the Shining One.
  2523 | D:3      | Became a worshipper of the Shining One
  2576 | D:3      | Found a snail-covered altar of Cheibriados.
  3277 | D:4      | Reached XP level 5. HP: 21/35 MP: 6/6
  3530 | D:4      | Reached skill level 8 in Bows
  3552 | D:4      | Noticed an ogre
  3561 | D:4      | Killed an ogre
  3561 | D:4      | Reached XP level 6. HP: 30/41 MP: 7/7
  3671 | D:4      | Found an iron altar of Okawaru.
  4660 | D:4      | Found a staircase to the Ecumenical Temple.
  4669 | Temple   | Entered the Ecumenical Temple
  4796 | D:5      | Entered Level 5 of the Dungeon
  4893 | D:5      | Noticed Prince Ribbit
  5288 | D:5      | Slain by Prince Ribbit

Skill      XL: |  1  2  3  4  5  6 |
---------------+-------------------+-----
Bows           | 6 7 8 |  8.9
Armour         | 1 2 |  2.5
Dodging        | 3 |  3.6
Fighting       | |  2.6
Short Blades   | |  0.2
Maces & Flails | |  0.7
Stealth        | |  1.1

Action                   |  1- 3 |  4- 6 || total
-------------------------+-------+-------++-------
Melee: Short sword       |    21 |    12 ||    33
       Flail             |       |    90 ||    90
 Fire: Shortbow          |    80 |   112 ||   192
  Use: Scroll            |     8 |    10 ||    18
       Potion            |     2 |     6 ||     8
  Eat: Bread ration      |     1 |     1 ||     2
       Pizza             |     1 |     2 ||     3
Armor: Leather armour    |     5 |     7 ||    12
       Ring mail         |       |    42 ||    42
       Skin              |       |     5 ||     5
Dodge: Dodged            |    29 |   111 ||   140
